 Dungeon Crawl Stone Soup version 0.31-a0-177-g4aa6249778 (webtiles) character file.

Game seed: 14500146098163130534

34 qw the Chopper (level 3, -1/23 HPs)
             Began as a Gargoyle Fighter on June 18, 2023.
             Slain by an orc wizard
             ... wielding a +0 dagger
              (2 damage)
             ... on level 3 of the Dungeon.
             The game lasted 00:00:39 (1662 turns).

qw the Chopper (Gargoyle Fighter)                   Turns: 1662, Time: 00:00:40

Health: -1/23      AC: 10    Str: 21    XL:     3   Next: 31%
Magic:  3/3        EV:  9    Int:  8    God:
Gold:   78         SH:  4    Dex:  9    Spells: 2/2 levels left

rFire   . . .        Y - +0 war axe
rCold   . . .        c - +0 buckler
rNeg    + . .        b - +0 scale mail
rPois   inf          (no helmet)
rElec   +            (no cloak)
rCorr   +            (no gloves)
SInv    .            (no boots)
Will    .....        (no amulet) Stlth
                     f - ring of resist corrosion
HPRegen 0.23/turn    (no ring)
MPRegen 0.08/turn

%: no passive effects
@: no status effects
A: sickness immunity, AC +3, negative energy resistance 1, electricity
resistance, torment resistance 1, petrification resistance
a: no special abilities


You were on level 3 of the Dungeon.
You visited 1 branch of the dungeon, and saw 3 of its levels.

You collected 78 gold pieces.


Innate Abilities, Weirdness & Mutations

You are immune to sickness and miasma.
Your stone body is resilient. (AC +3)
You are immune to poison.
You resist negative energy. (rN+)
You are resistant to electric shocks. (rElec)
You are resistant to unholy torment.
You are immune to petrification.


   Skills:
 - Level 3.2 Fighting
 + Level 3.3 Axes
 - Level 3.2 Armour
 - Level 3.2 Shields


You had 2 spell levels left.
You didn't know any spells.
Your spell library was empty.

Inventory:

Hand Weapons
 g - a +0 club
 Y - a +0 war axe (weapon)
Armour
 b - a +0 scale mail (worn)
 c - a +0 buckler (worn)
Jewellery
 f - a ring of resist corrosion (left hand)
Scrolls
 a - a scroll of identify {unknown}
Potions
 d - a potion of might
 e - a potion of curing {unknown}
 h - a potion of cancellation {unknown}
 k - a potion of brilliance {unknown}

Dungeon Overview and Level Annotations

Branches:
Dungeon (3/15)

Altars:

Shops:
D:1 ?


Message History

You hear some strange, mumbled words.
A puff of flame appears from out of thin air!
The puff of flame hits you but does no damage.
You bump into the rock wall.
Something hits you but does no damage.
You're too confused to move!
Something hits you.
You closely miss something. Something hits you.
Something hits you but does no damage.
You bump into the rock wall.
You feel less confused.
An orc wizard appears from thin air!
Reactivating autopickup.
The orc wizard points at you and mumbles some strange words.
The puff of flame hits you.
You hit the orc wizard.
The orc wizard is moderately wounded.
The orc wizard hits you but does no damage.
You barely miss the orc wizard.
The orc wizard is moderately wounded.
The orc wizard gestures at you while chanting.
The puff of flame hits you!
You miss the orc wizard.
The orc wizard is moderately wounded.
The orc wizard hits you but does no damage.
The orc wizard barely misses you.
You barely miss the orc wizard.
The orc wizard is moderately wounded.
The orc wizard hits you but does no damage.
You miss the orc wizard.
The orc wizard is moderately wounded.
The orc wizard hits you but does no damage.
You hit the orc wizard.
The orc wizard is heavily wounded.
The orc wizard gestures at you while chanting.
The puff of flame hits you.
You hit the orc wizard but do no damage.
The orc wizard is heavily wounded.
The orc wizard hits you with a +0 dagger.
You die...

##..#######.##
..)...).)o#..
##..#####@#.#
##.#.#
##....##
##......#####
#.....#.....#
#.......###.
#.#...<##
#.##.#.#
.....#..


You could see an orc wizard.

Vanquished Creatures
  3 orcs (D:3)
  2 ball pythons (D:2)
  A bat (D:2)
  4 endoplasms
  2 giant cockroaches (D:2)
  A goblin (D:2)
  2 hobgoblins
  2 jackals (D:1)
  A frilled lizard (D:2)
  5 kobolds
  4 rats (D:1)
27 creatures vanquished.

Notes
Turn   | Place    | Note
-------+----------+-------------------------------------------
     0 | D:1      | qw the Gargoyle Fighter began the quest for the Orb.
     0 | D:1      | Reached XP level 1. HP: 14/14 MP: 1/1
     0 | D:1      | 0 ||| qw: Version: 0.3-a-5-g6f28e65
     0 | D:1      | 0 ||| qw: Game counter: 683
     0 | D:1      | 0 ||| qw: Always use a shield: true
     0 | D:1      | 0 ||| qw: God list: Okawaru
     0 | D:1      | 0 ||| qw: Allow faded altars: false
     0 | D:1      | 0 ||| qw: Do Orc after D:15 true
     0 | D:1      | 0 ||| qw: Do second Lair branch before Depths: true
     0 | D:1      | 0 ||| qw: Lair rune preference: random
     0 | D:1      | 0 ||| qw: Plans: Normal, Zot:1-4, Slime:5, God:TSO, Crypt,
                  | Tomb, Abyss, Pan, Hells, Win
     0 | D:1      | 0 ||| PLANNING D:1-11
    52 | D:1      | Found Efeasij's Magic Scroll Emporium.
    60 | D:1      | 60 ||| SHOPLISTING 2 scrolls of identify (48 gold, have 4).
    60 | D:1      | 60 ||| SHOPLISTING scroll of enchant weapon (90 gold, have
                  | 4).
    60 | D:1      | 60 ||| SHOPLISTING scroll of identify (24 gold, have 4).
    60 | D:1      | 60 ||| SHOPLISTING scroll of teleportation (36 gold, have
                  | 4).
   206 | D:1      | 206 ||| Stepping ~*~*~tactically~*~*~ (stealth).
   221 | D:1      | Reached XP level 2. HP: 17/19 MP: 2/2
   557 | D:1      | 557 ||| DROPPING orb of mayhem.
   558 | D:1      | 558 ||| UPGRADING to ring of resist corrosion.
   806 | D:2      | Found a faded altar of an unknown god.
   874 | D:2      | Reached skill level 3 in Axes
   946 | D:2      | Reached XP level 3. HP: 23/23 MP: 3/3
  1237 | D:2      | 1237 ||| Stepping ~*~*~tactically~*~*~ (hiding).
  1492 | D:2      | 1492 ||| READING scroll labelled GINOUR MARAL.
  1593 | D:2      | 1593 ||| READING scroll labelled URROUMM ASOEW.
  1643 | D:3      | 1643 ||| FLEEEEING.
  1644 | D:3      | 1644 ||| FLEEEEING.
  1657 | D:3      | HP: 5/23 [orc wizard/puff of flame (9)]
  1661 | D:3      | HP: 1/23 [orc wizard/puff of flame (5)]
  1662 | D:3      | Slain by an orc wizard

Levels and vault maps discovered:
D:1:      lightli_arrival_statuegarden, layout_basic, serial_shops, shop
D:2:      layout_loops_corners, ebering_ecumenical_altar_hall
D:3:      layout_loops_ring, grunt_temple_overflow_open

Skill      XL: |  1  2 |
---------------+-------+-----
Axes           | 2 3 |  3.3
Fighting       | |  3.2
Armour         | |  3.2
Shields        | |  3.2

Action                     || total
---------------------------++-------
  Melee: War axe           ||    86
    Use: Scroll            ||     2
 Armour: Scale mail        ||    42
  Dodge: Dodged            ||    39
  Block: Buckler           ||    13

Table legend:
 A = Non-vault XP
 B = Vault XP
 C = Vault XP percentage of total XP
 D = Non-vault monster count
 E = Vault monster count
 F = Vault count percentage of total count
                 A         B        C        D         E       F
            +---------+---------+-------+---------+---------+-------
      Total |      49 |       0 |   0.0 |      27 |       0 |   0.0
            +---------+---------+-------+---------+---------+-------
        D:1 |      16 |       0 |   0.0 |      11 |       0 |   0.0
        D:2 |      24 |       0 |   0.0 |      13 |       0 |   0.0
        D:3 |       9 |       0 |   0.0 |       3 |       0 |   0.0
            +---------+---------+-------+---------+---------+-------
